 Dungeon Crawl Stone Soup version 0.29-a0-275-g389c0b56f3 (webtiles) character file.

Game seed: 916386862706455729

3471 inmateoo the Grappler (level 9, -7/87 HPs)
             Began as a Troll Gladiator on Mar 9, 2022.
             Was an Elder of Cheibriados.
             Mangled by Joseph
             ... wielding a +0 quarterstaff
              (17 damage)
             ... on level 7 of the Dungeon.
             The game lasted 00:05:28 (5054 turns).

inmateoo the Grappler (Troll Gladiator)             Turns: 5054, Time: 00:05:29

Health: -7/87      AC:  7    Str: 36    XL:     9   Next: 79%
Magic:  12/12      EV: 21    Int: 14    God:    Cheibriados [****..]
Gold:   332        SH:  0    Dex: 23    Spells: 14/14 levels left

rFire   . . .      SeeInvis .     - Unarmed
rCold   . . .      Faith    .   (no shield)
rNeg    . . .      Spirit   .   D - +2 robe {Will+}
rPois   .          Reflect  .   b - +1 hat
rElec   .          Harm     .   (no cloak)
rCorr   .          Rampage  .   (gloves unavailable)
Will    +....                   (boots unavailable)
Stlth   ++........              (no amulet)
HPRegen 1.04/turn               p - +4 ring of evasion
MPRegen 0.13/turn               s - +4 ring of evasion

@: very slow
A: large, unfitting armour, claws 3, regeneration 1, shaggy fur 1, tough skin 1
a: Renounce Religion, Bend Time, Temporal Distortion, Slouch


You were on level 7 of the Dungeon.
You worshipped Cheibriados.
Cheibriados was greatly pleased with you.
You visited 1 branch of the dungeon, and saw 7 of its levels.

You collected 352 gold pieces.
You spent 20 gold pieces at shops.

Inventory:

Missiles
 c - 2 throwing nets (quivered)
 d - a large rock
Armour
 b - a +1 hat (worn)
 D - a +2 robe of willpower (worn)
Jewellery
 p - a +4 ring of evasion (left claw)
 s - a +4 ring of evasion (right claw)
 E - a ring of poison resistance
Wands
 j - a wand of acid (7)
 B - a wand of iceblast (5)
Scrolls
 a - 2 scrolls of brand weapon {unknown}
 e - 3 scrolls of teleportation
 h - 3 scrolls of fear
 A - a scroll of fog
Potions
 f - 4 potions of curing
 g - a potion of brilliance
 i - a potion of resistance
 k - a potion of attraction
 l - 2 potions of cancellation
 n - a potion of flight
 r - a potion of heal wounds
 v - a potion of invisibility
 x - 3 potions of mutation {unknown}
 C - a potion of lignification {unknown}
 F - a potion of haste {unknown}


   Skills:
 + Level 4.9 Fighting
 - Level 1.7 Throwing
 + Level 4.5 Armour
 + Level 5.3 Dodging
 * Level 8.8 Unarmed Combat
 + Level 3.1 Spellcasting
 + Level 1.6 Invocations


You had 14 spell levels left.
You didn't know any spells.
Your spell library was empty.

Dungeon Overview and Level Annotations

Branches:
Dungeon (7/15)             Temple (0/1) D:4

Altars:
Cheibriados
Ru
Uskayaw
Xom
Yredelemnul

Shops:
D:1 :   D:6 *

Portals:
Abyss: D:4

Annotations:
D:4 2 transporters, conein's ghost, amateur PaWr
D:7 Joseph


Innate Abilities, Weirdness & Mutations

You are too large for most types of armour.
You have claws for hands.
Your natural rate of healing is unusually fast.
You are covered in fur. (AC +1)
You have tough skin. (AC +1)


Message History

Joseph is nearby!
Found a stone staircase leading up.
Joseph shoots a sling bullet.
The sling bullet barely misses you.
Joseph shoots a sling bullet.
The sling bullet hits you!
Joseph shoots a sling bullet.
The sling bullet misses you.
Joseph unwields a +0 hunting sling.
Joseph wields a +0 quarterstaff.
Joseph drinks a potion.
Joseph goes berserk!
You scratch Joseph.
Joseph is lightly wounded.
Joseph completely misses you.
You mangle Joseph!!
Joseph is moderately wounded.
Joseph hits you with a +0 quarterstaff!!
You are too injured to fight recklessly!
Throw: 3 throwing nets
Press: ? - help, Q - select action, (/) - cycle Shift-Dir - straight line, f - Joseph
Aim: Joseph, wielding a +0 quarterstaff and wearing a +0 ring mail (moderately wounded, berserk, 69% to hit)
You throw a throwing net. The throwing net hits Joseph.
Joseph is caught in the net!
Joseph is moderately wounded.
Joseph struggles against the net. x2
You claw Joseph!
Joseph is moderately wounded.
Joseph struggles against the net.
You claw Joseph!
Joseph is heavily wounded.
Joseph struggles against the net.
The net rips apart, and Joseph comes free!
You claw Joseph!
Joseph is severely wounded.
Joseph hits you with a +0 quarterstaff!
You claw Joseph!
Joseph is severely wounded.
Joseph hits you with a +0 quarterstaff!!
* * * LOW HITPOINT WARNING * * *
Joseph barely misses you.
You closely miss Joseph.
Joseph is severely wounded.
Joseph hits you with a +0 quarterstaff!
You die...

#....#...........
#....#.....######
#....#.....#
#....####### #
######...#
..##..<##...#
............+
............#
.......@...$#
..###.@##...# #..
#...# .... ......
..... ....##.
....... ...#
....... ..
...##..


You could see Joseph (berserk).

Vanquished Creatures
  Pikel (D:5)
  Grinder (D:5)
  Prince Ribbit (D:5)
  Edmund (D:4)
  Duvessa (D:5)
  An ice beast (D:6)
  A sky beast (D:6)
  A black bear (D:5)
  3 ogres (D:5)
  A kobold brigand (D:6)
  A phantom (D:6)
  Blork the orc (D:5)
  A gnoll sergeant (D:6)
  A necrophage (D:5)
  4 scorpions
  2 water moccasin zombies (D:4)
  5 wights (D:6)
  Dowan (D:5)
  A centaur zombie (D:4)
  3 hounds
  A bullfrog skeleton (D:4)
  2 jellies
  A gnoll shaman (D:5)
  Jessica (D:2)
  4 iguanas
  Ijyb (D:5)
  2 scorpion zombies (D:4)
  2 orc wizards (D:5)
  A hound skeleton (D:4)
  21 gnolls
  8 adders
  A white imp (D:3)
  An ufetubus (D:5)
  An adder zombie (D:4)
  2 worms
  3 adder skeletons (D:4)
  28 orcs
  5 bats
  3 endoplasms
  4 giant cockroaches
  12 goblins
  5 hobgoblins
  4 jackals (D:2)
  16 kobolds
  5 quokkas
  10 ball pythons
  4 frilled lizards
  2 rats
182 creatures vanquished.

Vanquished Creatures (others)
  2 withered plants (D:4)
2 creatures vanquished.

Grand Total: 184 creatures vanquished

Notes
Turn   | Place    | Note
-------+----------+-------------------------------------------
     0 | D:1      | inmateoo the Troll Gladiator began the quest for the Orb.
     0 | D:1      | Reached XP level 1. HP: 19/19 MP: 0/0
   142 | D:1      | Reached XP level 2. HP: 28/28 MP: 1/1
   201 | D:1      | Found Anat Bex's Book Boutique.
   689 | D:1      | Found a faded altar of an unknown god.
   768 | D:2      | Reached XP level 3. HP: 35/35 MP: 2/2
   837 | D:2      | Noticed Jessica
   842 | D:2      | Killed Jessica
   843 | D:2      | Reached skill level 1 in Armour
   964 | D:2      | Reached XP level 4. HP: 42/42 MP: 3/3
  1021 | D:2      | Reached skill level 4 in Unarmed Combat
  1094 | D:2      | Found a snail-covered altar of Cheibriados.
  1107 | D:2      | Became a worshipper of Cheibriados the Contemplative
  1259 | D:2      | Reached XP level 5. HP: 50/50 MP: 4/4
  1831 | D:3      | Reached * piety under Cheibriados
  2048 | D:3      | Found a shimmering altar of Xom.
  2444 | D:4      | Reached XP level 6. HP: 55/59 MP: 5/5
  2547 | D:4      | Identified the +5 trident of Fee Simple {pain, +Blink rF+
                  | rN+++ Int-4}
  2553 | D:4      | Noticed conein's ghost (amateur PaWr)
  2631 | D:4      | Found a transporter.
  2661 | D:4      | Found a transporter.
  2669 | D:4      | Noticed a small abomination
  2732 | D:4      | Reached skill level 5 in Unarmed Combat
  2775 | D:4      | Noticed a +0 short sword
  2775 | D:4      | Noticed a +0 spear
  2775 | D:4      | Noticed a +0 falchion
  2776 | D:4      | Noticed a +0 dagger
  2777 | D:4      | Noticed a +0 falchion
  2777 | D:4      | Noticed a +0 short sword
  2778 | D:4      | Noticed a +0 spear
  2781 | D:4      | Noticed Edmund
  2781 | D:4      | Noticed a +0 dagger
  2786 | D:4      | Reached skill level 1 in Spellcasting
  2798 | D:4      | Killed Edmund
  2799 | D:4      | Reached XP level 7. HP: 27/67 MP: 7/7
  2842 | D:4      | Found a hide-covered altar of Uskayaw.
  2925 | D:4      | Reached ** piety under Cheibriados
  3045 | D:4      | Found a basalt altar of Yredelemnul.
  3089 | D:4      | Reached skill level 6 in Unarmed Combat
  3159 | D:4      | Found a staircase to the Ecumenical Temple.
  3232 | D:4      | Found a one-way gate to the infinite horrors of the Abyss.
  3270 | D:5      | Entered Level 5 of the Dungeon
  3270 | D:5      | Noticed Duvessa
  3270 | D:5      | Noticed Dowan
  3281 | D:5      | Killed Duvessa
  3293 | D:5      | Killed Dowan
  3294 | D:5      | Reached XP level 8. HP: 72/75 MP: 9/9
  3317 | D:5      | Noticed Blork the orc
  3322 | D:5      | Killed Blork the orc
  3466 | D:5      | Noticed Grinder
  3482 | D:5      | Killed Grinder
  3490 | D:5      | Reached skill level 7 in Unarmed Combat
  3499 | D:5      | Reached *** piety under Cheibriados
  3562 | D:5      | Noticed Prince Ribbit
  3610 | D:5      | Killed Prince Ribbit
  3683 | D:5      | Reached XP level 9. HP: 53/84 MP: 11/11
  3990 | D:5      | Noticed Ijyb
  3994 | D:5      | Killed Ijyb
  4070 | D:5      | Noticed Pikel
  4085 | D:5      | Killed Pikel
  4086 | D:5      | Reached skill level 5 in Dodging
  4086 | D:5      | Reached skill level 8 in Unarmed Combat
  4212 | D:6      | Reached **** piety under Cheibriados
  4227 | D:6      | Reached skill level 1 in Invocations
  4512 | D:6      | Found Jyekuz's Assorted Antiques.
  4538 | D:6      | Bought a murky silvery potion for 20 gold pieces
  4657 | D:6      | Found a sacrificial altar of Ru.
  5041 | D:7      | Noticed Joseph
  5054 | D:7      | Mangled by Joseph

Illustrated notes

Levels and vault maps discovered:
D:1:      lightli_arrival_quake, layout_basic, serial_shops, shop,
          shapermc_ecumenical_altar_hornbeckon, minmay_tall_x
D:2:      layout_basic, basic_altar, minmay_misc_feat_tiny, minivault_27,
          kennysheep_generic_room_8, uniq_jessica
D:3:      layout_loops_corners, lemuel_coloured_pillars_altar
D:4:      layout_loops_corners, nicolae_uskayaw_en_pointe, lemuel_tele_altar,
          minmay_temple_entry_hall, serial_undead, serial_undead_b,
          serial_undead_f, serial_undead_d, serial_undead_a,
          gammafunk_ghost_abyssal_escape, uniq_edmund
D:5:      layout_basic, uniq_grinder, uniq_blork_the_orc, uniq_prince_ribbit1,
          uniq_pikel, uniq_duvessa, uniq_ijyb
D:6:      layout_gridville, amcnicky_altar_gilded, serial_shops, shop,
          minmay_misc_feat_doors, st_stairs_13
D:7:      cheibrodos_statue_roulette, layout_gridville,
          gammafunk_ghost_berserking_beasts, palyth_stone_intersect, uniq_joseph

Skill      XL: |  1  2  3  4  5  6  7  8  9 |
---------------+----------------------------+-----
Fighting       | 2 3 4 |  4.9
Armour         | 1 2 3 4 |  4.5
Unarmed Combat | 4 5 6 7 8 |  8.8
Dodging        | 3 4 5 |  5.3
Spellcasting   | 1 2 3 |  3.1
Invocations    | 1 |  1.6
Throwing       | |  1.7

Action                   |  1- 3 |  4- 6 |  7- 9 || total
-------------------------+-------+-------+-------++-------
Melee: Unarmed           |    87 |   156 |   269 ||   512
       Punch             |     3 |     3 |    11 ||    17
Throw: Throwing net      |       |       |     1 ||     1
  Use: Scroll            |       |       |    18 ||    18
 Stab: Sleeping          |     2 |     2 |     1 ||     5
       Distracted        |       |     1 |       ||     1
Armor: Robe              |    29 |    21 |    37 ||    87
Dodge: Dodged            |    32 |   121 |   281 ||   434

Table legend: (Time is in decaauts)
 A = Elapsed time spent in this place.
 B = Non-inter-level travel time spent in this place.
 C = Inter-level travel time spent in this place.
 D = Time resting spent in this place.
 E = Time spent auto-exploring this place.
 F = Levels seen in this place.
 G = Mean time per level.
                   A        B        C        D        E       F      G
               +--------+--------+--------+--------+--------+-----+--------+
         Total |   6486 |   6249 |    237 |    368 |   4580 |   7 |  926.6 |
       Dungeon |   6486 |   6249 |    237 |    368 |   4580 |   7 |  926.6 |
               +--------+--------+--------+--------+--------+-----+--------+

Top non-repeatable levels by time:
     D:6: 1248 daAuts
     D:3: 1218 daAuts
     D:5: 1194 daAuts
     D:4: 1178 daAuts
     D:2: 797 daAuts
     D:1: 743 daAuts
     D:7: 106 daAuts
